Map: Prion Terraces

Players

Odinn

  • Race: Terran Terran
  • League: Gold

Grumm - Winner!

  • Race: Protoss Protoss
  • League: Gold

VOD

Have the link to the VOD?

Description

Time

  • Played on: Feb. 18, 2016, 10:55 p.m.
  • Length: 14:45
Show
View Real Time Build Order
Export as new Build Order

Odinn Terran 

Build Orders: Reaper Expand, MMM Bio 

Get SALT Encoding   

  12  0:01  SCV  
  13  0:13  SCV  
  14  0:22  Supply Depot  
  14  0:25  SCV  
  14  0:26  Supply Depot  
  15  0:47  SCV  
  16  0:54  Barracks  
  16  0:55  Refinery  
  16  1:03  Supply Depot  
  16  1:08  SCV  
  17  1:22  SCV  
  18  1:35  SCV  
  19  1:43  Reaper  
  20  1:54  Command Center  
  20  2:00  Orbital Command  
  20  2:17  Barracks Reactor  
  20  2:27  Barracks  
  20  2:28  SCV  
  21  2:31  Refinery  
  20  2:55  SCV  
  21  3:13  Marine  
  21  3:14  Marine  
  21  3:15  SCV  
  21  3:16  Barracks Tech Lab  
  24  3:23  Factory  
  24  3:45  Marine x2  
  25  4:03  Marine  
  25  4:04  Marine  
  25  4:07  Marauder, Stimpack  
  25  4:08  Widow Mine  
  31  4:11  Starport  
  31  4:15  Barracks  
  31  4:16  SCV  
  32  4:17  Orbital Command  
  32  4:27  Marine x2  
  34  4:36  SCV  
  34  4:37  Orbital Command, Marine  
  36  4:39  Widow Mine  
  38  4:53  Supply Depot  
  38  4:55  Bunker  
  38  4:59  Supply Depot  
  38  5:11  Medivac  
  38  5:12  Widow Mine  
  39  5:22  Bunker  
  39  5:23  SCV  
  40  5:30  Marine  
  41  5:49  SCV x2  
  43  5:51  Barracks Tech Lab  
  43  5:53  Marine x2  
  43  5:55  Factory Tech Lab  
  45  5:58  Medivac  
  45  6:01  SCV x2  
  49  6:15  Refinery  
  49  6:16  Refinery  
  49  6:18  Combat Shields  
  49  6:22  Engineering Bay  
  49  6:23  SCV  
  49  6:24  Engineering Bay  
  49  6:25  SCV  
  51  6:30  Starport Reactor  
  49  6:56  Marine x2  
  49  6:57  Marauder x2  
  49  6:58  Siege Tank  
  58  7:02  SCV x2  
  60  7:14  Marine x2  
  58  7:18  Marine  
  58  7:19  Marauder  
  43  7:32  Marine x2  
  43  7:36  Marauder  
  44  7:39  Marine  
  44  7:41  Concussive Shells  
  44  7:50  Marine x2  
  46  7:57  Marine x2  
  46  8:05  SCV  
  46  8:06  SCV  
  46  8:12  Terran Infantry Armor Level 1, Terran Infantry Weapons Level 1  
  48  8:21  Marine x3  
  48  8:22  SCV  
  52  8:32  Marine  
  53  8:36  SCV  
  54  8:43  SCV  
  53  8:51  Medivac  
  53  8:56  Marine  
  54  9:07  Supply Depot  
  54  9:10  Supply Depot  
  54  9:15  Marine x2  
  53  9:17  Medivac  
  53  9:28  Liberator, Marauder, Siege Tank  
  53  9:30  Liberator  
  53  9:32  Marine  
  53  9:33  Marauder, Marine  
  53  9:36  Barracks  
  53  9:37  SCV x2  
  59  9:39  Barracks  
  65  9:59  SCV x2  
  67  10:04  Marine x3  
  70  10:12  Supply Depot x2  
  70  10:15  Supply Depot  
  70  10:16  Liberator x2  
  70  10:33  Marine  
  70  10:34  SCV x2, Siege Tank  
  82  10:37  Barracks Reactor x2  
  82  10:40  Supply Depot  
  82  10:47  Supply Depot  
  82  10:48  SCV  
  82  10:49  SCV  
  83  11:03  Armory  
  83  11:14  Marine x5  
  83  11:15  Marine  
  83  11:16  Marauder  
  83  11:18  Marauder  
  93  11:39  Command Center  
  89  11:53  Marine x3  
  89  11:54  Marauder, Marine  
  73  12:08  Marauder, Marine x2  
  72  12:09  Medivac  
  74  12:26  Supply Depot  
  68  12:32  Supply Depot  
  59  12:43  Marine x5  
  65  12:44  Marauder x2  
  65  12:47  Hellbat  
  64  13:04  Planetary Fortress  
  51  13:18  Marine x3  
  51  13:19  Marauder  
  47  13:22  Liberator  
  47  13:25  Marine  
  37  13:36  Marine x2  
  15  14:20  Marine  
  15  14:21  Marauder, Marine x4  
  15  14:22  Marine x2  
Show
View Real Time Build Order
Export as new Build Order

Grumm Protoss - Winner!

Build Orders: 1 Gate Expand 

Get SALT Encoding   

  12  0:14  Pylon  
  12  0:16  Probe (Chrono Boost)  
  13  0:33  Gateway  
  13  0:43  Gateway  
  13  0:54  Probe (Chrono Boost)  
  13  1:21  Zealot  
  15  1:29  Probe (Chrono Boost)  
  15  1:39  Nexus  
  15  1:53  Cybernetics Core  
  15  1:57  Zealot  
  17  2:01  Probe (Chrono Boost)  
  18  2:10  Assimilator  
  18  2:18  Pylon  
  18  2:22  Probe (Chrono Boost)  
  19  2:34  Probe (Chrono Boost)  
  20  2:37  Zealot  
  22  3:09  Probe x2 (Chrono Boost)  
  24  3:17  Adept x2  
  24  3:19  Probe (Chrono Boost)  
  30  3:20  Probe (Chrono Boost)  
  30  3:30  Probe (Chrono Boost)  
  27  4:06  Probe x2 (Chrono Boost)  
  29  4:15  Probe (Chrono Boost)  
  30  4:18  Warp Gate (Chrono Boost)  
  30  4:20  Stalker x2  
  30  4:21  Probe  
  35  4:24  Assimilator  
  35  4:25  Probe  
  36  4:33  Probe  
  36  4:34  Pylon  
  36  4:36  Probe  
  38  4:45  Probe  
  38  4:46  Probe  
  38  4:52  Pylon  
  40  4:55  Robotics Facility  
  40  4:57  Probe x2  
  40  4:58  Zealot x2  
  46  5:10  Probe  
  35  5:23  Probe  
  35  5:25  Probe, Adept x2  
  41  5:32  Gateway  
  41  5:34  Probe  
  41  5:37  Probe  
  41  5:40  Assimilator  
  41  5:41  Nexus  
  43  5:44  Probe  
  43  5:46  Immortal (Chrono Boost)  
  48  5:57  Pylon  
  48  6:07  Probe  
  49  6:15  Probe, Gateway  
  49  6:17  Mothership Core  
  50  6:21  Pylon  
  52  6:26  Zealot x2, Immortal (Chrono Boost)  
  52  6:27  Probe  
  61  6:36  Probe  
  61  6:39  Probe  
  54  6:47  Probe  
  54  6:50  Forge  
  54  6:51  Probe  
  56  6:57  Probe  
  56  7:00  Observer (Chrono Boost)  
  47  7:27  Stalker  
  47  7:28  Stalker x3  
  47  7:29  Probe  
  49  7:32  Photon Cannon  
  48  7:37  Photon Cannon  
  46  7:45  Probe  
  46  7:50  Photon Cannon  
  47  7:54  Pylon  
  42  8:00  Probe  
  42  8:02  Probe  
  44  8:07  Stalker, Photon Cannon  
  44  8:08  Stalker  
  44  8:11  Probe  
  49  8:13  Zealot x2  
  49  8:14  Probe  
  54  8:21  Probe  
  54  8:26  Probe  
  56  8:32  Probe  
  57  8:35  Photon Cannon  
  57  8:38  Probe  
  57  8:39  Gateway  
  44  8:55  Adept x2  
  44  8:56  Adept x2  
  52  9:03  Probe  
  52  9:07  Immortal (Chrono Boost), Protoss Ground Weapons Level 1  
  55  9:30  Probe  
  55  9:32  Probe  
  55  9:36  Robotics Facility  
  57  9:39  Pylon  
  57  9:41  Probe  
  57  9:44  Probe  
  59  9:47  Pylon  
  59  9:51  Assimilator, Probe  
  59  9:56  Probe  
  59  9:58  Zealot x4  
  69  10:02  Probe  
  69  10:03  Assimilator  
  70  10:08  Probe  
  70  10:12  Probe  
  71  10:16  Pylon  
  71  10:19  Gateway  
  71  10:20  Probe  
  73  10:22  Photon Cannon  
  73  10:23  Probe  
  74  10:33  Probe  
  74  10:35  Probe  
  80  10:44  Immortal (Chrono Boost)  
  80  10:45  Probe, Immortal (Chrono Boost)  
  80  10:47  Probe  
  86  10:52  Adept  
  86  10:53  Adept x2  
  86  10:54  Zealot  
  86  10:55  Zealot  
  97  10:57  Probe x2  
  98  11:17  Assimilator  
  98  11:21  Stalker x5  
  110  11:33  Warp Prism (Chrono Boost)  
  70  12:12  Stalker x2  
  70  12:13  Stalker x3  
  70  12:14  Stalker  
  72  12:43  Immortal (Chrono Boost)  
  74  12:45  Stalker x2  
  74  12:46  Stalker, Immortal (Chrono Boost)  
  74  12:47  Adept x3  
  80  13:19  Zealot x3  
  86  13:20  Zealot x3  
  78  13:42  Adept x5  
  78  13:43  Adept  
  86  14:20  Stalker  
  86  14:21  Stalker x4  
  86  14:22  Stalker  
Tags
 
Add a new tag
Caveats
  • Supply blocks, unpowered buildings, or Contaminate may cause inaccurate times.
  • Supply counts are checked every 10 seconds.